 Dungeon Crawl Stone Soup version 0.21-a0-496-g696f58f (webtiles) character file.

1453 kae the Conjurer (level 8, -1/41 HPs)
             Began as a Tengu Fire Elementalist on Nov 23, 2017.
             Shot with an arrow by a centaur (15 damage)
             ... on level 6 of the Dungeon.
             The game lasted 00:08:36 (8456 turns).

kae the Conjurer (Tengu Fire Elementalist)          Turns: 8456, Time: 00:08:36

Health: -1/41      AC:  3    Str:  8    XL:     8   Next: 75%
Magic:  8/16       EV: 13    Int: 18    God:
Gold:   346        SH:  0    Dex: 15    Spells: 2/17 levels left

rFire    . . .     SeeInvis +   t - staff of wizardry
rCold    . . .     Gourm    .   (no shield)
rNeg     . . .     Faith    .   B - +0 robe (curse)
rPois    .         Spirit   .   (helmet restricted)
rElec    .         Reflect  .   (no cloak)
rCorr    .         Harm     .   p - +0 pair of gloves
MR       .....                  (boots unavailable)
Stlth    ++........             (no amulet)
HPRegen  0.13/turn              (no ring)
MPRegen  0.15/turn              u - ring of see invisible

@: no status effects
A: beak, talons 3, able to fly 1
a: Fly


You were on level 6 of the Dungeon.
You were hungry.

You visited 1 branch of the dungeon, and saw 6 of its levels.
You also visited: Sewer.

You collected 391 gold pieces.
You spent 45 gold pieces at shops.

Inventory:

Hand Weapons
 i - a +0 club
Missiles
 a - a throwing net (quivered)
Armour
 p - a +0 pair of gloves (worn)
 B - a cursed +0 robe (worn)
Magical Staves
 r - an uncursed staff of conjuration
 t - an uncursed staff of wizardry (weapon)
Jewellery
 u - a ring of see invisible (right hand)
Wands
 A - a wand of polymorph (16)
Scrolls
 d - 2 scrolls of magic mapping
 h - 5 scrolls of identify
 q - 3 scrolls of teleportation
 y - 2 scrolls of blinking
 z - a scroll of fog
 C - a scroll of amnesia {unknown}
Potions
 e - 5 potions of might
 f - a potion of flight
 j - a potion of degeneration {unknown}
 k - 4 potions of heal wounds
 l - 2 potions of brilliance
 o - a potion of resistance
 s - a potion of lignification
 v - 2 potions of magic {unknown}
 w - a potion of invisibility
 x - 2 potions of curing
 D - 2 potions of haste
Books
 b - a book of Flames

   Spells                             Type                      Level
   a - Flame Tongue                   Conjuration/Fire             1
   b - Throw Flame                    Conjuration/Fire             2
   c - Conjure Flame                  Conjuration/Fire             3
   d - Inner Flame                    Hexes/Fire                   3
   e - Sticky Flame                   Conjuration/Fire             4
   f - Fireball                       Conjuration/Fire             5
 m - a book of Changes

   Spells                             Type                      Level
   a - Beastly Appendage              Transmutation                1
   b - Sticks to Snakes               Transmutation                2
   c - Spider Form                    Transmutation/Poison         3
   d - Ice Form                       Ice/Transmutation            4
   e - Blade Hands                    Transmutation                5
Comestibles
 c - 6 bread rations
 g - 4 royal jellies
 n - 4 meat rations


   Skills:
 + Level 4.9 Staves
 - Level 2.1 Dodging
 - Level 2.0 Stealth
 + Level 5.2 Spellcasting
 + Level 7.1 Conjurations
 + Level 6.8 Fire Magic


You had 2 spell levels left.
You knew the following spells:

 Your Spells              Type           Power        Failure   Level  Hunger
a - Flame Tongue          Conj/Fire      ####.        1%          1    None
b - Throw Flame           Conj/Fire      ####..       1%          2    #......
c - Conjure Flame         Conj/Fire      ####....     1%          3    ##.....
d - Sticky Flame          Conj/Fire      ####....     2%          4    ####...
e - Fireball              Conj/Fire      ####......   9%          5    ######.


Dungeon Overview and Level Annotations

Branches:
Dungeon (6/15)
 Temple: D:4-7

Altars:
Elyvilon
Okawaru
Trog
Wu Jian
Yredelemnul

Shops:
D:4 *


Innate Abilities, Weirdness & Mutations

You have a beak for a mouth.
You have claws for feet.
You can fly.


Message History

The puff of flame hits the centaur.
The centaur is lightly wounded.
The centaur shoots an arrow.
The arrow closely misses you.
Casting: Throw Flame
Confirm with . or Enter, or press ? or * to list all spells.
Aiming: Throw Flame
Press: ? - help, Shift-Dir - straight line, f/p - centaur
Aim: a centaur, wielding a shortbow (lightly wounded)
The puff of flame hits the centaur.
The centaur is lightly wounded.
The centaur shoots an arrow.
The arrow misses you.
Casting: Throw Flame
Confirm with . or Enter, or press ? or * to list all spells.
Aiming: Throw Flame
Press: ? - help, Shift-Dir - straight line, f/p - centaur
Aim: a centaur, wielding a shortbow (lightly wounded)
The puff of flame hits the centaur.
The centaur is moderately wounded.
The centaur shoots an arrow.
The arrow hits you!
You die...

######### #.......#
###### #.......#
...... #.......#
...... #.......#
......
#.......#########..
......
#..>...............
......
#.........@(.......
......
#.......######.....
..###. #.......#
.c. . #. #.......#
. ## #.....### #
#....)# #########
#.##### #.....#
#.......# #......
#######'###
#.......# #######
#........#
#.......# #


You could see a centaur.

Vanquished Creatures
  Edmund (D:5)
  2 phantoms
  5 bullfrogs
  3 scorpions
  4 howler monkeys
  A hound (D:3)
  A jelly (D:6)
  An orc wizard (D:5)
  4 worker ants
  A hound zombie (D:6)
  2 hound skeletons
  A worker ant zombie (D:6)
  A gnoll (D:6)
  A howler monkey skeleton (D:5)
  13 adders
  5 river rats (Sewer)
  2 shadow imps
  An ooze (D:2)
  11 dart slugs
  A worm (D:4)
  2 leopard geckos (D:3)
  3 orcs
  5 bats
  5 giant cockroaches
  2 goblins
  4 hobgoblins
  3 kobolds
  A quokka (D:3)
  14 ball pythons
  6 frilled lizards
  A quokka skeleton (D:4)
  32 rats
  A spectral orc (D:5)
  A fungus (D:2)
141 creatures vanquished.

Notes
Turn   | Place    | Note
-------+----------+-------------------------------------------
     0 | D:1      | kae the Tengu Fire Elementalist began the quest for the Orb.
     0 | D:1      | Reached XP level 1. HP: 10/10 MP: 4/4
   204 | D:1      | Reached XP level 2. HP: 7/15 MP: 0/6
   436 | D:1      | Reached skill level 2 in Conjurations
  1323 | D:2      | Reached XP level 3. HP: 14/19 MP: 7/7
  1408 | D:2      | Learned a level 2 spell: Throw Flame
  1412 | D:2      | Learned a level 3 spell: Conjure Flame
  1653 | D:2      | Found an ornate altar of the Wu Jian Council.
  2062 | D:2      | Found an iron altar of Okawaru.
  2062 | D:2      | Found a bloodstained altar of Trog.
  2352 | D:2      | Reached skill level 3 in Conjurations
  2352 | D:2      | Reached XP level 4. HP: 24/24 MP: 6/9
  3123 | D:3      | Gained mutation: You can fly. [Tengu growth]
  3123 | D:3      | Reached XP level 5. HP: 26/28 MP: 6/10
  3300 | D:3      | Found a white marble altar of Elyvilon.
  4045 | D:4      | Noticed a phantom
  4301 | D:4      | HP: 1/28 [phantom (6)]
  4312 | D:4      | Killed a phantom
  4312 | D:4      | Reached skill level 1 in Staves
  4312 | D:4      | Reached skill level 4 in Conjurations
  4312 | D:4      | Reached XP level 6. HP: 32/32 MP: 0/12
  4575 | D:4      | Reached skill level 5 in Fire Magic
  5089 | D:4      | Reached XP level 7. HP: 36/36 MP: 10/13
  5249 | D:4      | Found Totzuwun's Assorted Antiques.
  5262 | D:4      | Reached skill level 5 in Conjurations
  5542 | D:4      | Bought a scroll labeled HINASM VEKA for 24 gold pieces
  5542 | D:4      | Bought a glowing amethyst potion for 21 gold pieces
  5620 | D:5      | Entered Level 5 of the Dungeon
  6036 | D:5      | Noticed Edmund
  6040 | D:5      | Found a white marble altar of Elyvilon.
  6057 | D:5      | Killed Edmund
  6341 | D:5      | Found a glowing drain.
  6358 | Sewer    | Entered a sewer
  7005 | Sewer    | Reached skill level 6 in Conjurations
  7005 | Sewer    | Reached XP level 8. HP: 38/41 MP: 9/15
  7472 | D:5      | Found a basalt altar of Yredelemnul.
  7697 | D:6      | Learned a level 4 spell: Sticky Flame
  7703 | D:6      | Learned a level 5 spell: Fireball
  7769 | D:6      | Found the +3 pair of gauntlets of War {Slay+5}
  8044 | D:6      | Reached skill level 5 in Spellcasting
  8099 | D:6      | Reached skill level 7 in Conjurations
  8456 | D:6      | Shot with an arrow by a centaur

Vault maps used:
D:1:      minmay_arrival_four_loops, serial_bayou_lagoon_a, minmay_unequal
D:2:      gammafunk_temple_overflow_statue, overflow_temple_1_default,
          first_bread, minmay_gold_behind_fungi
D:3:      cheibrodos_helix_gallery, elyvilon_altar_4
D:4:      serial_shops, shop_statue
D:5:      kennysheep_slugbush, yredelemnul_forgotten_temple_becter,
          lemuel_round_altar, portal_sewer_entry_b, uniq_edmund
D:6:      wad_rectangle_vault, uniq_blork_the_orc
Sewer:    sewer_minmay_w

Skill      XL: |  1  2  3  4  5  6  7  8 |
---------------+-------------------------+-----
Conjurations   | 2 3 4 6 7 |  7.1
Fire Magic     | 4 5 6 |  6.8
Spellcasting   | 3 4 5 |  5.2
Staves         | 1 2 3 4 |  4.9
Dodging        | |  2.1
Stealth        | |  2.0

Action                   |  1- 3 |  4- 6 |  7- 9 || total
-------------------------+-------+-------+-------++-------
Melee: Short sword       |    79 |       |       ||    79
       Kick              |    18 |     4 |     5 ||    27
       Peck              |    14 |     1 |     4 ||    19
       Club              |       |    10 |       ||    10
       Staff             |       |    11 |    23 ||    34
 Cast: Flame Tongue      |    27 |    77 |   142 ||   246
       Throw Flame       |       |     3 |    20 ||    23
       Conjure Flame     |       |       |     1 ||     1
       Sticky Flame      |       |       |     3 ||     3
  Use: Scroll            |     1 |     3 |     9 ||    13
       Potion            |       |     7 |       ||     7
 Stab: Sleeping          |     2 |       |       ||     2
  Eat: Chunk             |     4 |     8 |    12 ||    24
Armor: Robe              |    20 |     6 |    18 ||    44
       Skin              |       |     1 |       ||     1
Dodge: Dodged            |    59 |    35 |    62 ||   156

Table legend:
 A = Spawn XP
 B = Non-spawn XP
 C = Spawn XP percentage of total XP
 D = Spawn monster count
 E = Non-spawn monster count
 F = Spawn count percentage of total count
 G = Total turns spent on level
                    A         B        C        D         E        F      G
               +---------+---------+-------+---------+---------+-------+---------
         Total |       0 |    2076 |   0.0 |       0 |     140 |   0.0 |  8456
               +---------+---------+-------+---------+---------+-------+---------
           D:1 |       0 |      24 |   0.0 |       0 |      15 |   0.0 |  1204
           D:2 |       0 |      61 |   0.0 |       0 |      11 |   0.0 |  1249
           D:3 |       0 |     103 |   0.0 |       0 |      17 |   0.0 |  1450
           D:4 |       0 |     470 |   0.0 |       0 |      12 |   0.0 |  1783
           D:5 |       0 |     361 |   0.0 |       0 |      23 |   0.0 |  1226
           D:6 |       0 |     701 |   0.0 |       0 |      14 |   0.0 |   775
         Sewer |       0 |     356 |   0.0 |       0 |      48 |   0.0 |   769
               +---------+---------+-------+---------+---------+-------+---------
